 Dungeon Crawl Stone Soup version 0.23.1-37-gaa34b87 (webtiles) character file.

Game seed: 9483305775317760629

3165 snowfan the Destroyer (level 9, 0/45 HPs)
             Began as a Deep Elf Conjurer on Mar 26, 2019.
             Succumbed to a killer bee's poison
             ... on level 7 of the Dungeon.
             The game lasted 00:51:20 (9203 turns).

snowfan the Destroyer (Deep Elf Conjurer)           Turns: 9203, Time: 00:51:20

Health: 0/45       AC:  4    Str:  5    XL:     9   Next: 63%
Magic:  0/23       EV: 13    Int: 24    God:
Gold:   301        SH:  0    Dex: 18    Spells: 2/25 levels left

rFire    + . .     SeeInvis .   D - -1 hunting sling (curse)
rCold    . . .     Gourm    .   (no shield)
rNeg     . . .     Faith    .   Q - +0 robe
rPois    .         Spirit   +   r - +0 helmet
rElec    .         Reflect  .   g - scarf {Spirit}
rCorr    .         Harm     .   J - +0 pair of gloves
MR       .....                  (no boots)
Stlth    ++........             (no amulet)
HPRegen  0.15/turn              b - ring of protection from fire
MPRegen  0.18/turn              i - +3 ring of dexterity

@: lethally poisoned (0 -> -3), about to teleport
A: claws 1, MP-powered wands
a: no special abilities


You were on level 7 of the Dungeon.
You were not hungry.

You visited 2 branches of the dungeon, and saw 9 of its levels.

You collected 301 gold pieces.

Inventory:

Hand Weapons
 f - a +4 quarterstaff of chaos
 v - a +0 blowgun
 x - a +4 dagger of flaming
 D - a cursed -1 hunting sling (weapon)
Missiles
 m - 161 stones
 t - 49 sling bullets (quivered)
 w - 37 poisoned needles
 y - 3 curare-tipped needles
Armour
 g - a scarf of spirit shield (worn)
 r - a +0 helmet (worn)
 I - the +1 leather armour of the Fifty Places {*Slow Str+4 Dex+3}
   (You found it on level 7 of the Dungeon)

   It affects your strength (+4).
   It affects your dexterity (+3).
   It may slow you when you take damage.
 J - a +0 pair of gloves (worn)
 Q - a +0 robe (worn)
Jewellery
 b - a ring of protection from fire (left hand)
 i - a +3 ring of dexterity (right hand)
 p - a +2 ring of strength
 F - an uncursed ring of ice
 G - an uncursed amulet of harm
 M - an uncursed amulet of magic regeneration {unknown}
Wands
 C - a wand of flame (25)
 E - a wand of acid (7)
Scrolls
 a - a scroll of teleportation
 d - a scroll of fear {unknown}
 j - 2 scrolls of enchant weapon {unknown}
 k - 7 scrolls of identify
 l - a scroll of immolation {unknown}
 n - 3 scrolls of amnesia {unknown}
 u - 2 scrolls of enchant armour {unknown}
 A - 2 scrolls of blinking {unknown}
 B - 3 scrolls of remove curse {unknown}
 H - a scroll of acquirement {unknown}
 K - a scroll of brand weapon {unknown}
 O - a scroll of magic mapping {unknown}
Potions
 h - 2 potions of flight
Comestibles
 c - 6 rations
 P - a chunk of flesh


   Skills:
 - Level 2.4 Dodging
 - Level 2.4 Stealth
 - Level 8.7 Spellcasting
 - Level 11.4 Conjurations
 + Level 7.6 Poison Magic


You had 2 spell levels left.
You knew the following spells:

 Your Spells              Type           Power        Failure   Level  Hunger
a - Magic Dart            Conj           ####         1%          1    None
b - Iskenderun's Mystic   Conj           ######..     1%          4    ##.....
c - Dazzling Spray        Conj/Hex       #####.       1%          3    None
d - Conjure Flame         Conj/Fire      #####...     1%          3    None
e - Force Lance           Conj/Tloc      #####...     6%          4    ##.....
f - Fulminant Prism       Conj/Hex       #####.....   6%          4    ##.....
g - Poisonous Vapours     Pois/Air       ####..       1%          2    None
s - Searing Ray           Conj           ######       1%          2    None

Your spell library contained the following spells:

 Spells                   Type           Power        Failure   Level  Hunger
 Sting                    Conj/Pois      ####         1%          1    None
 Sandblast                Erth           ##....       6%          1    None
 Blink                    Tloc           N/A          9%          2    None
 Call Imp                 Summ           ##......     9%          2    None
 Passwall                 Tmut/Erth      ##......     9%          2    None
 Slow                     Hex            ##......     9%          2    None
 Mephitic Cloud           Conj/Pois/Air  #####...     1%          3    None
 Stone Arrow              Conj/Erth      #####.       1%          3    None
 Olgreb's Toxic Radiance  Pois           #####...     2%          4    ##.....
 Venom Bolt               Conj/Pois      ######....   3%          5    ####...
 Petrify                  Tmut/Erth      ##......     52%         4    ##.....
 Lee's Rapid Deconstruct  Erth           ##........   86%         5    ####...


Dungeon Overview and Level Annotations

Branches:
Dungeon (8/15)             Temple (1/1) D:7
   Lair: D:8-11

Altars:
Dithmenos
Elyvilon
Fedhas
Gozag
Hepliaklqana
Kikubaaqudgha
Makhleb
Nemelex Xobeh
Okawaru
Ru
Trog
Vehumet
Xom
Yredelemnul
Zin

Shops:
D:4 (


Innate Abilities, Weirdness & Mutations

You have sharp fingernails.
You expend magic power (3 MP) to strengthen your wands.


Message History

The magic dart hits the killer bee.
The killer bee is heavily wounded.
You feel sick. The killer bee stings you.
* * * LOW HITPOINT WARNING * * *
The killer bee closely misses you.
It was a potion of cancellation.
You feel magically purged.
The killer bee stings you but does no damage.
The killer bee misses you.
As you read the scroll of teleportation, it crumbles to dust.
You feel strangely unstable.
You feel sick. The killer bee stings you!
* * * LOW HITPOINT WARNING * * *
The killer bee closely misses you.
Okay, then.
Really quaff the potion of mutation?
You feel extremely strange.
You feel your magical essence link to your wands.
Your fingernails lengthen.
The killer bee stings you but does no damage.
The killer bee barely misses you.
You die...

...##.............##
###
...####............##
####.. ..##
#......).......#
####..... ..#
#..............#
##........ .##
#.....<........#
##........) .#
##..............#
#.......... ##
#..............##
#.......... #
#..............#
##.......... #
#...........@.##
#...........
##.........y>..#
#...........
#.............##
##...........
##............#
#............
##..........##
#............
##..........#
#............
###......#.##
#............
########..#
#............
#.[####...........


You could see a killer bee.

Vanquished Creatures
  Erica (D:7)
  A hornet (D:7)
  2 hungry ghosts
  2 sky beasts
  2 ogres
  An orc warrior (D:7)
  A centaur (D:6)
  2 bullfrogs
  4 killer bees
  8 wights
  6 crimson imps
  A quasit (D:5)
  2 orc priests
  A bullfrog zombie (D:7)
  A hound (D:4)
  3 orc wizards
  Crazy Yiuf (D:3)
  An iguana (D:5)
  7 worker ants
  A hound skeleton (D:5)
  Robin (D:2)
  3 gnolls (D:5)
  6 adders
  2 shadow imps (D:6)
  2 oozes
  An adder zombie (D:6)
  3 adder skeletons
  2 worms
  A dart slug (D:3)
  A leopard gecko (D:3)
  15 orcs
  7 bats
  7 giant cockroaches
  21 goblins
  5 hobgoblins
  13 jackals
  14 kobolds
  A quokka (D:2)
  5 frilled lizards
  A leopard gecko zombie (D:5)
  A quokka skeleton (D:4)
  10 rats
  A fungus (D:3)
171 creatures vanquished.

Vanquished Creatures (others)
  8 fulminant prisms
8 creatures vanquished.

Grand Total: 179 creatures vanquished

Notes
Turn   | Place    | Note
-------+----------+-------------------------------------------
     0 | D:1      | snowfan the Deep Elf Conjurer began the quest for the Orb.
     0 | D:1      | Reached XP level 1. HP: 10/10 MP: 6/6
   227 | D:1      | Reached XP level 2. HP: 15/15 MP: 5/8
   264 | D:1      | Reached skill level 5 in Conjurations
   869 | D:2      | Reached XP level 3. HP: 19/19 MP: 4/9
  1338 | D:2      | Found a shadowy altar of Dithmenos.
  1361 | D:2      | Noticed Robin
  1489 | D:2      | Killed Robin
  1489 | D:2      | Reached XP level 4. HP: 24/24 MP: 5/11
  1509 | D:2      | Reached skill level 6 in Conjurations
  1782 | D:2      | Learned a level 2 spell: Searing Ray
  1786 | D:2      | Learned a level 3 spell: Dazzling Spray
  1791 | D:2      | Learned a level 4 spell: Iskenderun's Mystic Blast
  2210 | D:3      | Found a shimmering altar of Xom.
  2351 | D:3      | Reached XP level 5. HP: 22/28 MP: 3/13
  2700 | D:3      | Learned a level 3 spell: Conjure Flame
  2736 | D:3      | Reached skill level 5 in Spellcasting
  3157 | D:3      | Found a runed translucent door.
  3158 | D:3      | Noticed Crazy Yiuf
  3165 | D:3      | Killed Crazy Yiuf
  3165 | D:3      | Reached XP level 6. HP: 32/32 MP: 10/16
  3215 | D:4      | Found Vonaesm Taeg's Antique Weapon Emporium.
  3593 | D:4      | Found a white marble altar of Elyvilon.
  3769 | D:5      | Entered Level 5 of the Dungeon
  4265 | D:5      | Found a radiant altar of Vehumet.
  4585 | D:5      | Noticed a hungry ghost
  4603 | D:5      | Killed a hungry ghost
  4603 | D:5      | Reached XP level 7. HP: 36/36 MP: 5/21
  4722 | D:5      | Reached skill level 7 in Conjurations
  4923 | D:5      | Found a sparkling altar of Nemelex Xobeh.
  5120 | D:6      | Reached skill level 8 in Conjurations
  5679 | D:6      | Reached XP level 8. HP: 41/41 MP: 0/22
  5976 | D:6      | Learned a level 4 spell: Force Lance
  5997 | D:6      | Reached skill level 9 in Conjurations
  6992 | D:7      | Got a smoking leather armour
  7008 | D:7      | Identified the +1 leather armour of the Fifty Places {*Slow
                  | Str+4 Dex+3} (You found it on level 7 of the Dungeon)
  7165 | D:7      | Found a staircase to the Ecumenical Temple.
  7242 | D:7      | Reached skill level 10 in Conjurations
  7374 | Temple   | Entered the Ecumenical Temple
  8139 | D:7      | Reached skill level 11 in Conjurations
  8219 | D:7      | Learned a level 4 spell: Fulminant Prism
  8300 | D:7      | Noticed a hornet
  8354 | D:7      | Learned a level 2 spell: Poisonous Vapours
  8357 | D:7      | Killed a hornet
  8357 | D:7      | Reached XP level 9. HP: 45/45 MP: 12/23
  8837 | D:8      | Noticed Erica
  9115 | D:7      | Killed Erica
  9201 | D:7      | HP: 1/45 [killer bee (6)]
  9202 | D:7      | Gained mutation: You expend magic power (3 MP) to
                  | strengthen your wands. [potion of mutation]
  9202 | D:7      | Gained mutation: You have sharp fingernails. [potion of
                  | mutation]
  9203 | D:7      | Succumbed to a killer bee's poison

Skill      XL: |  1  2  3  4  5  6  7  8  9 |
---------------+----------------------------+-----
Conjurations   | 5 6 8 11 | 11.4
Spellcasting   | 4 5 8 |  8.7
Poison Magic   | 2 7 |  7.6
Dodging        | |  2.4
Stealth        | |  2.4

Action                   |  1- 3 |  4- 6 |  7- 9 || total
-------------------------+-------+-------+-------++-------
Melee: Short sword       |     1 |     4 |       ||     5
       Dagger            |       |    31 |     2 ||    33
 Fire: Blowgun           |       |       |    10 ||    10
       Hunting sling     |       |       |    13 ||    13
Throw: Stone             |       |       |     1 ||     1
 Cast: Magic Dart        |    94 |   159 |   174 ||   427
       Dazzling Spray    |       |     3 |     1 ||     4
       Conjure Flame     |       |     5 |    23 ||    28
       Iskenderun's Myst |       |     3 |    33 ||    36
       Force Lance       |       |       |    11 ||    11
       Poisonous Vapours |       |       |     5 ||     5
       Fulminant Prism   |       |       |     8 ||     8
  Use: Scroll            |       |       |     5 ||     5
       Potion            |       |       |     4 ||     4
 Stab: Sleeping          |       |     2 |       ||     2
  Eat: Chunk             |     2 |     9 |    11 ||    22
       Ration            |       |       |     2 ||     2
Armor: Robe              |     5 |       |     5 ||    10
       Animal skin       |       |    12 |     8 ||    20
Dodge: Dodged            |    13 |    33 |    47 ||    93
